 Dungeon Crawl Stone Soup version 0.28.0 (webtiles) character file.

Game seed: 10550880480211652977

29 bromine the Chopper (level 3, -2/29 HPs)
             Began as a Human Berserker on Feb 11, 2022.
             Was a Follower of Trog.
             Succumbed to an adder's poison
             ... on level 2 of the Dungeon.
             The game lasted 00:03:13 (1171 turns).

bromine the Chopper (Human Berserker)               Turns: 1171, Time: 00:03:13

Health: -2/29      AC:  2    Str: 19    XL:     3   Next: 32%
Magic:  3/3        EV: 12    Int:  7    God:    Trog [*.....]
Gold:   32         SH:  0    Dex: 12    Spells: 2/2 levels left

rFire   . . .      SeeInvis .   e - +0 mace
rCold   . . .      Faith    .   (no shield)
rNeg    . . .      Spirit   .   b - +0 animal skin
rPois   .          Reflect  .   (no helmet)
rElec   .          Harm     .   (no cloak)
rCorr   .          Rampage  .   (no gloves)
Will    .....                   (no boots)
Stlth   +.........              (no amulet)
HPRegen 0.09/turn               (no ring)
MPRegen 0.08/turn               (no ring)

@: lethally poisoned (-2 -> -8), on berserk cooldown, slowed, very slow
A: no striking features
a: Renounce Religion, Berserk


You were on level 2 of the Dungeon.
You worshipped Trog.
Trog was aware of your devotion.
You visited 1 branch of the dungeon, and saw 2 of its levels.

You collected 32 gold pieces.

Inventory:

Hand Weapons
 a - a +0 hand axe
 e - a +0 mace (weapon)
Armour
 b - a +0 animal skin (worn)
Scrolls
 c - a scroll of fear {unknown}
 d - 2 scrolls of identify {unknown}
Potions
 f - a potion of mutation {unknown}


   Skills:
 + Level 3.4 Fighting
 + Level 3.5 Axes
 + Level 0.1(2.1) Maces & Flails
 + Level 2.2 Armour
 + Level 2.1 Dodging


You had 2 spell levels left.
You didn't know any spells.
Your spell library contained the following spells:

 Spells                   Type           Power      Damage    Failure   Level
 Ensorcelled Hibernation  Hex/Ice        0%         N/A       56%         2
 Spider Form              Tmut/Pois      0%         N/A       80%         3
 Anguish                  Hex/Necr       0%         N/A       99%         4


Dungeon Overview and Level Annotations

Branches:
Dungeon (2/15)

Altars:


Message History

You are frozen.
The kobold barely misses you.
You sock the adder!
The adder is severely wounded.
You feel sick. The adder closely misses you. The adder barely misses you.
The endoplasm freezes you.
You are frozen.
The kobold barely misses you.
You thump the adder!
You kill the adder!
Trog accepts your kill.
You feel sick. The adder barely misses you. The endoplasm freezes you.
You are frozen.
The kobold hits you with a +0 whip. The adder bites you.
You have reached level 3!
Your experience leads to an increase in your attributes!
Increase (S)trength, (I)ntelligence, or (D)exterity?
You feel stronger. x2
You feel sick.
There is a stone staircase leading up here.
You see here an adder corpse.
You sock the endoplasm!
You kill the endoplasm!
Trog accepts your kill. The adder bites you.
The kobold hits you with a +0 whip.
* * * LOW HITPOINT WARNING * * *
Found a quarterstaff.
You feel sick.
You are no longer poisoned.
The adder closely misses you.
You thump the adder!
The adder is almost dead.
The adder barely misses you. The kobold barely misses you.
You closely miss the adder.
The adder is almost dead.
You are no longer berserk.
You are exhausted.
You feel yourself slow down. The adder bites you.
* * * LOW HITPOINT WARNING * * *
You are lethally poisoned!
The adder poisons you! The adder barely misses you.
You completely miss the kobold.
You die...

# ..#. ## ##.
... ..
##...#..##.
...#.#....
.........#
.......#.#
...#...##
#..###S)## ..
#@K.#.
)..............#
#.#.............
#.##.........[
#.##........##
#.<....####...
#....###...# .##
#...##. ....# #
..# #.


You could see an adder and a kobold.

Vanquished Creatures
  An adder (D:2)
  A dart slug (D:1)
  2 ball pythons (D:1)
  2 endoplasms
  2 hobgoblins (D:1)
  2 jackals (D:1)
  2 bats (D:1)
  4 kobolds
  2 rats (D:1)
18 creatures vanquished.

Notes
Turn   | Place    | Note
-------+----------+-------------------------------------------
     0 | D:1      | bromine the Human Berserker began the quest for the Orb.
     0 | D:1      | Reached XP level 1. HP: 18/18 MP: 1/1
   206 | D:1      | Found a faded altar of an unknown god.
   214 | D:1      | Reached XP level 2. HP: 22/24 MP: 2/2
  1166 | D:2      | Reached XP level 3. HP: 14/29 MP: 3/3
  1170 | D:2      | HP: 1/29 [adder (5)]
  1171 | D:2      | Succumbed to an adder's poison

Illustrated notes

Levels and vault maps discovered:
D:1:      minmay_arrival_up_and_down, layout_loops_corners,
          chequers_ecumenical_altar_simple
D:2:      layout_rooms, minmay_misc_feat_iff

Action                   || total
-------------------------++-------
Melee: Hand axe          ||    26
       Mace              ||    17
Invok: Berserk           ||     1
Armor: Animal skin       ||    16
Dodge: Dodged            ||    52
